 Dungeon Crawl Stone Soup version 0.19.5 (webtiles) character file.

265 Aleruyeri the Gusty (level 6, 0/32 HPs)
             Began as a Tengu Air Elementalist on Apr 17, 2017.
             Shot with an arrow by a centaur (6 damage)
             ... on level 4 of the Dungeon.
             The game lasted 00:16:32 (4234 turns).

Aleruyeri the Gusty (Tengu Air Elementalist)        Turns: 4234, Time: 00:16:33

Health: 0/32       AC:  2    Str: 10    XL:     6   Next: 20%
Magic:  11/11      EV: 16    Int: 17    God:
Gold:   168        SH:  0    Dex: 15    Spells: 3 memorised, 2 levels left

rFire  . . .     SeeInvis .     w - +0 long sword
rCold  . . .     Gourm    .     a - +0 robe
rNeg   . . .     Faith    .     (no shield)
rPois  .         Spirit   .     (helmet restricted)
rElec  .         Reflect  .     (no cloak)
rCorr  .         Harm     .     (no gloves)
MR     .....                    (boots unavailable)
Stlth  ++........               (no amulet)
                                h - +3 ring of evasion
                                f - +2 ring of strength

@: no status effects
A: beak, talons 3, able to fly 1
a: Fly


You were on level 4 of the Dungeon.
You were not hungry.

You visited 1 branch of the dungeon, and saw 4 of its levels.

You collected 168 gold pieces.

Inventory:

Hand Weapons
 i - a +0 spear
 w - a +0 long sword (weapon)
Armour
 a - a +0 robe (worn)
Jewellery
 e - an uncursed ring of poison resistance {unknown}
 f - a +2 ring of strength (left hand)
 h - a +3 ring of evasion (right hand)
 j - a cursed ring of teleportation {unknown}
 l - a cursed ring of loudness
 m - a cursed ring of loudness
 t - an uncursed ring of magical power {unknown}
Wands
 g - a wand of iceblast (4/15)
 o - a wand of lightning (9/15)
 s - a wand of flame (13/48)
Scrolls
 n - a scroll of fog
Potions
 r - a potion of might
 u - a potion of haste {unknown}
 v - a potion of cancellation {unknown}
Books
 b - a book of Air

   Spells                             Type                      Level
   a - Shock                          Conjuration/Air              1
   b - Swiftness                      Charms/Air                   2
   c - Repel Missiles                 Charms/Air                   2
   d - Static Discharge               Conjuration/Air              3
   e - Lightning Bolt                 Conjuration/Air              5
Comestibles
 c - 6 bread rations
 d - 2 meat rations


   Skills:
 + Level 2.4 Dodging
 - Level 2.0 Stealth
 + Level 3.1 Spellcasting
 * Level 5.0 Conjurations
 + Level 6.2 Air Magic


You had 2 spell levels left.
You knew the following spells:

 Your Spells              Type           Power        Failure   Level  Hunger
a - Shock                 Conj/Air       ###.         1%          1    None
b - Static Discharge      Conj/Air       ###.....     8%          3    ###....
c - Lightning Bolt        Conj/Air       ###.......   58%         5    ######.


Dungeon Overview and Level Annotations

Branches:
Dungeon (4/15)             Temple (0/1) D:4

Altars:
Fedhas
Kikubaaqudgha


Innate Abilities, Weirdness & Mutations

You have a beak for a mouth.
You have claws for feet.
You can fly.


Message History

There is an open door here.
You close the door.
You open the door.
The centaur shouts!
The centaur wields a shortbow.
The centaur shoots an arrow.
The arrow barely misses you.
You close the door.
A centaur opens the door.
The centaur shoots an arrow.
The arrow hits you!
Ouch! That really hurt!
The centaur shoots an arrow.
The arrow misses you.
The centaur shoots an arrow.
The arrow hits you!
* * * LOW HITPOINT WARNING * * *
You see here an arrow.
The centaur shoots an arrow.
The arrow closely misses you.
You see here 2 arrows.
The centaur shoots an arrow.
The arrow closely misses you.
You see here an arrow.
The centaur shoots an arrow.
The arrow hits you.
You die...

#.......# #..
#.......# #..
######.......#
#..
#............#
#..
#.############
#.. #.# ###
#.# #.# #@#
#.# #(# #(#
#(# #.# #.#
#c#####
#.(...##


You could see a centaur.

Vanquished Creatures
  An ogre (D:4)
  An orc priest (D:3)
  A jelly (D:3)
  Robin (D:3)
  An adder (D:4)
  An ooze (D:2)
  An adder skeleton (D:4)
  A worm (D:4)
  3 dart slugs (D:1)
  2 leopard geckos
  4 orcs (D:3)
  4 giant cockroaches
  16 goblins
  12 hobgoblins
  6 jackals
  A quokka (D:3)
  2 bats
  4 frilled lizards
  A jackal skeleton (D:4)
  6 rats
69 creatures vanquished.

Notes
Turn   | Place    | Note
-------+----------+-------------------------------------------
     0 | D:1      | Aleruyeri the Tengu Air Elementalist began the quest for the Orb.
     0 | D:1      | Reached XP level 1. HP: 10/10 MP: 4/4
   173 | D:1      | Reached XP level 2. HP: 15/15 MP: 3/6
   702 | D:1      | Reached XP level 3. HP: 19/19 MP: 4/7
   889 | D:2      | Reached skill level 5 in Air Magic
  1175 | D:2      | Learned a level 3 spell: Static Discharge
  1491 | D:2      | Found a blossoming altar of Fedhas.
  1668 | D:3      | Noticed Robin
  2375 | D:3      | Reached XP level 4. HP: 24/24 MP: 1/8
  2777 | D:3      | Killed Robin
  3282 | D:3      | Gained mutation: You can fly. [Tengu growth]
  3282 | D:3      | Reached XP level 5. HP: 19/28 MP: 2/10
  3426 | D:3      | Learned a level 5 spell: Lightning Bolt
  3553 | D:4      | Noticed an ogre
  3562 | D:4      | Killed an ogre
  3562 | D:4      | Reached skill level 6 in Air Magic
  3562 | D:4      | Reached XP level 6. HP: 22/32 MP: 0/11
  3685 | D:4      | Found an ancient bone altar of Kikubaaqudgha.
  3820 | D:4      | Reached skill level 5 in Conjurations
  4164 | D:4      | Found a staircase to the Ecumenical Temple.
  4234 | D:4      | Shot with an arrow by a centaur

Skill      XL: |  1  2  3  4  5  6 |
---------------+-------------------+-----
Conjurations   | 2 3 4 5 |  5.0
Air Magic      | 5 6 |  6.2
Spellcasting   | 3 |  3.1
Dodging        | |  2.4
Stealth        | |  2.0

Action                   |  1- 3 |  4- 6 || total
-------------------------+-------+-------++-------
Melee: Unarmed           |    12 |       ||    12
       Kick              |     6 |     2 ||     8
       Spear             |    15 |     7 ||    22
       Peck              |       |     1 ||     1
 Cast: Shock             |    95 |    59 ||   154
       Static Discharge  |     3 |     9 ||    12
  Use: Scroll            |     4 |     4 ||     8
       Potion            |     1 |       ||     1
  Eat: Chunk             |     4 |     4 ||     8
       Royal jelly       |     1 |       ||     1
       Pizza             |       |     2 ||     2
Armor: Robe              |     6 |     1 ||     7
Dodge: Dodged            |    36 |    11 ||    47
